 Dungeon Crawl Stone Soup version 0.25.1-2-g60ff931df9 (webtiles) character file.

Game seed: 1087444286414963254

130 raphialitos the Slasher (level 5, 0/42 HPs)
             Began as a Ghoul Gladiator on Nov 4, 2020.
             Was an Initiate of Ru.
             Slain by an orc wizard
             ... wielding a +0 dagger
              (1 damage)
             ... on level 3 of the Dungeon.
             The game lasted 00:06:16 (2323 turns).

raphialitos the Slasher (Ghoul Gladiator)           Turns: 2323, Time: 00:06:16

Health: 0/42       AC:  4    Str: 19    XL:     5   Next: 14%
Magic:  4/4        EV: 13    Int:  3    God:    Ru [......]
Gold:   105        SH:  0    Dex: 10    Spells: 4/4 levels left

rFire    . . .     SeeInvis .   a - +0 long sword
rCold    + . .     Gourm    .   C - +0 kite shield
rNeg     + + +     Faith    .   b - +0 leather armour
rPois    ∞         Spirit   .   c - +0 helmet
rElec    .         Reflect  .   (no cloak)
rCorr    .         Harm     .   (no gloves)
MR       .....                  (no boots)
Stlth    ..........             (no amulet)
HPRegen  0.00/turn              i - +4 ring of evasion
MPRegen  0.09/turn              (no ring)

@: confused, rotting
A: rotting body, claws 1, carnivore, cold resistance 1, negative energy
resistance 3, inhibited regeneration, torment resistance, unbreathing
a: Renounce Religion


You were on level 3 of the Dungeon.
You worshipped Ru.
Ru was noncommittal.
You were not hungry.

You visited 1 branch of the dungeon, and saw 4 of its levels.

You collected 105 gold pieces.

Inventory:

Hand Weapons
 a - a +0 long sword (weapon)
 r - a +2 dagger of venom
Missiles
 d - 3 throwing nets (quivered)
 h - 16 poisoned darts
 k - 55 arrows
 m - 45 sling bullets
Armour
 b - a +0 leather armour (worn)
 c - a +0 helmet (worn)
 s - a +0 robe of cold resistance
 C - a +0 kite shield (worn)
Jewellery
 i - a +4 ring of evasion (left claw)
Wands
 y - a wand of paralysis (10)
Scrolls
 e - a scroll of magic mapping {unknown}
 j - 2 scrolls of amnesia
 l - a scroll of blinking
 u - 3 scrolls of remove curse {unknown}
 v - a scroll of teleportation {unknown}
 w - 2 scrolls of identify
 x - a scroll of fog {unknown}
Potions
 n - a potion of ambrosia {unknown}
 o - a potion of heal wounds {unknown}
 p - a potion of resistance {unknown}
 q - a potion of mutation {unknown}
 t - a potion of stabbing {unknown}
 z - a potion of brilliance {unknown}
 A - a potion of flight {unknown}
 B - a potion of curing {unknown}
Comestibles
 f - 8 rations


   Skills:
 + Level 2.6 Fighting
 + Level 4.2 Long Blades
 + Level 1.7 Throwing
 + Level 1.4 Armour
 + Level 3.1 Dodging
 + Level 0.2 Shields


You had 4 spell levels left.
You didn't know any spells.
Your spell library was empty.

Dungeon Overview and Level Annotations

Branches:
Dungeon (4/15)
 Temple: D:4-7

Altars:
Kikubaaqudgha
Ru
Trog
Uskayaw

Annotations:
D:3 3 runed translucent doors, Inchmeat's ghost, weakling GrMo; Morgon's ghost, amateur HaAK


Innate Abilities, Weirdness & Mutations

Your body is rotting away.
You thrive on raw meat.
You are immune to poison.
You have sharp fingernails.
You are carnivorous and can eat meat at any time.
Your flesh is cold resistant. (rC+)
You are immune to negative energy. (rN+++)
You do not regenerate when monsters are visible.
You are immune to unholy pain and torment.
You can survive without breathing.


Message History

You hear some strange, mumbled words.
A magic dart appears from out of thin air!
The magic dart hits you.
* * * LOW HITPOINT WARNING * * *
The orc closely misses you.
You see here a +0 dagger.
Unknown command.
The orc misses you.
Your magical contamination has completely faded away.
You hear some strange, mumbled words.
You are confused.
You closely miss the orc. Something hits you but does no damage.
You bump into the rock wall.
Morgon's ghost says, "What a barren place.
A pity you won't get a chance to visit the Abyss!"
The orc closely misses you. The orc completely misses you.
Something hits you but does no damage. The orc closely misses you.
You bump into the rock wall.
The orc completely misses you. Something hits you.
You die... #.........######..# #oo

######.####P⌠P$##.#
#.) #.##.#....8###
#.# #.##.#.....[
#o# #....+.....P
#o# #.#..+.....⌠
..# #.##.+.....P
.o. #o##[#W.....
#.. #o@..#W...8#
### ###{##.⌠.?##
..## #.# ##### #...
#.# #..# #.# #..#
#.# #..# #.# #..#
#.# #..## #.#
###...#


You could see Inchmeat's ghost, Morgon's ghost and 2 orcs.

Vanquished Creatures
  An orc priest (D:3)
  5 adders
  A worm (D:3)
  3 dart slugs
  2 leopard geckos
  4 orcs (D:3)
  2 ball pythons
  2 giant cockroaches (D:4)
  3 goblins
  4 hobgoblins
  2 jackals (D:3)
  2 bats
  13 kobolds
  A rat (D:2)
45 creatures vanquished.

Vanquished Creatures (others)
  2 withered plants (D:3)
2 creatures vanquished.

Grand Total: 47 creatures vanquished

Notes
Turn   | Place    | Note
-------+----------+-------------------------------------------
     0 | D:1      | raphialitos the Ghoul Gladiator began the quest for the
                  | Orb.
     0 | D:1      | Reached XP level 1. HP: 17/17 MP: 0/0
   247 | D:1      | Reached skill level 3 in Long Blades
   247 | D:1      | Reached XP level 2. HP: 22/24 MP: 1/1
   810 | D:2      | Reached XP level 3. HP: 24/29 MP: 2/2
   939 | D:2      | You fall into a shaft and drop 2 floors!
  1065 | D:3      | Reached skill level 1 in Armour
  1065 | D:3      | Reached XP level 4. HP: 29/36 MP: 3/3
  1154 | D:2      | Found a bloodstained altar of Trog.
  1154 | D:2      | Found a sacrificial altar of Ru.
  1362 | D:2      | Found a sacrificial altar of Ru.
  1538 | D:2      | Became a worshipper of Ru the Awakened
  1585 | D:3      | Found a hide-covered altar of Uskayaw.
  1596 | D:3      | Reached skill level 4 in Long Blades
  1787 | D:3      | Found an ancient bone altar of Kikubaaqudgha.
  1808 | D:3      | Found a runed translucent gate.
  1808 | D:3      | Found a runed translucent gate.
  1808 | D:3      | Found a runed translucent gate.
  1809 | D:3      | Noticed Inchmeat's ghost (weakling GrMo)
  1809 | D:3      | Noticed Morgon's ghost (amateur HaAK)
  2258 | D:3      | Reached XP level 5. HP: 12/42 MP: 4/4
  2316 | D:3      | HP: 1/42 [something/magic dart (6)]
  2323 | D:3      | Slain by an orc wizard

Illustrated notes

Levels and vault maps discovered:
D:1:      saegor_arrival_simple_c, layout_rooms
D:2:      wander_river, layout_rooms, gammafunk_temple_overflow_wave,
          first_ration, nicolae_ru_path_of_blood
D:3:      layout_loops_ring, lemuel_crystal_altar,
          eat_drink_and_be_merry_uskayaw, serial_glass, glass_columns_a,
          glass_columns_a, glass_columns_a, glass_columns_a, glass_columns_b,
          glass_columns_c, gammafunk_ghost_cemetery
D:4:      minmay_wonky_spiral, layout_basic, minmay_temple_entry_grid,
          serial_shops, shop, chequers_mini_garden, minmay_misc_feat_pillars,
          feat_on_display

Skill      XL: |  1  2  3  4 |
---------------+-------------+-----
Long Blades    | 3 4 |  4.2
Dodging        | 3 |  3.1
Armour         | 1 |  1.4
Fighting       | |  2.6
Throwing       | |  1.7
Shields        | |  0.2

Action                   |  1- 3 |  4- 6 || total
-------------------------+-------+-------++-------
Melee: Long sword        |    63 |    75 ||   138
Evoke: Wand              |       |     1 ||     1
  Use: Scroll            |     4 |     1 ||     5
  Eat: Chunk             |     4 |     2 ||     6
Armor: Leather armour    |    14 |    11 ||    25
Dodge: Dodged            |    82 |    55 ||   137
Block: Kite shield       |       |     8 ||     8
       Buckler           |       |     5 ||     5
       Rpst.: Long sword |    34 |    12 ||    46
